 Dungeon Crawl Stone Soup version 0.31-a0-1101-g9ad1905e61 (webtiles) character file.

Game seed: 6020099646668288958

548 Dirtsage the Changeling (level 7, -3/46 HPs)
             Began as an Octopode Shapeshifter on Dec 1, 2023.
             Slain by an orc
             ... wielding a +0 hand axe
              (8 damage)
             ... on level 4 of the Dungeon.
             The game lasted 00:05:41 (2923 turns).

Dirtsage the Changeling (Octopode Shapeshifter)     Turns: 2923, Time: 00:05:42

Health: -3/46      AC:  1    Str: 14    XL:     7   Next: 28%
Magic:  7/7        EV: 14    Int: 12    God:
Gold:   217        SH:  0    Dex: 13    Spells: 6/6 levels left

rFire   . .          .
                       - Unarmed
rCold   . . .        (no shield)
rNeg    . . .        (helmet currently unavailable)
rPois   .            (no amulet)
rElec   .            (no ring)
rCorr   .            (no ring)
SInv    .            (no ring)
Will    .....        (no ring)
Stlth   ++           (no ring)
HPRegen 0.27/turn    (no ring)
MPRegen 0.10/turn    (no ring)
                     (no ring)

%: no passive effects
@: beast-form, attractive
A: beast (slay +2), almost no armour, amphibious, 8 rings, camouflage 1,
gelatinous body 1, (nimble swimmer 1), tentacles
a: Begin Untransformation


You were on level 4 of the Dungeon.
You were a hulking beast.
You visited 1 branch of the dungeon, and saw 4 of its levels.

You collected 217 gold pieces.

Inventory:

Talismans
 b - a beast talisman
 c - a flux talisman
Wands
 D - a wand of digging (3)
Scrolls
 d - a scroll of acquirement {unknown}
 e - a scroll of teleportation {unknown}
 g - 2 scrolls of butterflies {unknown}
 h - 2 scrolls of fear {unknown}
 j - a scroll of revelation {unknown}
 k - a scroll of identify {unknown}
 m - a scroll of noise {unknown}
Potions
 i - 2 potions of attraction
 l - a potion of invisibility {unknown}
 n - a potion of heal wounds {unknown}


   Skills:
 + Level 3.2 Fighting
 + Level 3.4 Dodging
 + Level 4.4 Unarmed Combat
 + Level 2.2 Poison Magic
 * Level 5.1 Shapeshifting


You had 6 spell levels left.
You didn't know any spells.
Your spell library contained the following spells:

 Spells                   Type           Power      Damage    Failure   Level
 Sting                    Tmut/Pois      8%         1d3       22%         1
 Sandblast                Erth           0%         2d4       32%         1
 Poisonous Vapours        Pois/Air       4%         N/A       32%         2
 Passwall                 Tmut/Erth      0%         N/A       45%         2
 Stone Arrow              Conj/Erth      0%         3d7       69%         3
 Olgreb's Toxic Radiance  Pois           5%         N/A       80%         4
 Brom's Barrelling Bould  Conj/Erth      0%         2d3       97%         4
 Lehudib's Crystal Spear  Conj/Erth      0%         10d2      100%        8
 Animate Armour           Summ/Erth      Unusable   N/A       N/A         4

Dungeon Overview and Level Annotations

Branches:
Dungeon (4/15)
 Temple: D:4-7

Altars:
Ru
Trog
Uskayaw
Xom
Zin

Annotations:
D:3 1 runed translucent door, Crazy Yiuf


Innate Abilities, Weirdness & Mutations

You are a hulking beast.
Your limbs bulge with bestial killing power. (Slay +2)
You cannot wear most types of armour.
You are amphibious.
You can wear up to eight rings at the same time.
Your skin changes colour to match your surroundings (Stealth+).
Your rubbery body absorbs attacks. (AC +1, EV +1)
((You are camouflaged when in or above water. (Stealth+)))
You have tentacles for arms and can constrict up to eight enemies at once.


Message History

The wyvern barely misses you.
You tentacle-slap the wyvern but do no damage.
Your squeeze misses the wyvern. The wyvern closely misses you. x2
You closely miss the wyvern. You tentacle-slap the wyvern.
Your squeeze misses the wyvern.
The wyvern is lightly wounded.
The wyvern barely misses you.
You tentacle-slap the wyvern. You squeeze the wyvern.
The wyvern is moderately wounded.
The wyvern bites you!
* * * LOW HITPOINT WARNING * * *
The wyvern barely misses you.
You take 12 damage, and have 1/42 hp.
MASSIVE DAMAGE!!
It was a potion of attraction.
You feel attractive to monsters. The wyvern misses you.
You feel better. The wyvern barely misses you. The wyvern misses you.
You regained 10 hp, and now have 11/42 hp.
You tentacle-slap the wyvern. You squeeze the wyvern!
The wyvern is almost dead.
The wyvern barely misses you.
You closely miss the wyvern. Your squeeze misses the wyvern.
The wyvern is almost dead.
The wyvern bites you!
* * * LOW HITPOINT WARNING * * *
You take 9 damage, and have 2/42 hp.
MASSIVE DAMAGE!!
You feel better. The wyvern closely misses you. The wyvern bites you.
* * * LOW HITPOINT WARNING * * *
You regained 2 hp, and now have 4/42 hp.
You tentacle-slap the wyvern.
You kill the wyvern!
The orc is attracted toward you.
Your Poison Magic skill increases to level 2!
Your Shapeshifting skill increases to level 5!
You have reached level 7!
MP restored: 7
Okay, then.
You barely miss the orc. You grab the orc. You constrict the orc.
The orc hits you with a +0 hand axe!
You die...

###..........'.......#
.............#########
.............#
.............#
.............#
......''######
......#.# ......#.#
..... #h# ..... #o#
.... #w# .... #o# #ยง#
... ... ...


You could see a worm and 2 orcs.

Vanquished Creatures
  A wyvern (D:4)
  A black bear (D:4)
  An iguana (D:4)
  Jessica (D:3)
  3 orc wizards (D:4)
  Robin (D:2)
  4 gnolls (D:3)
  6 adders
  4 dart slugs
  5 orcs
  2 ball pythons
  6 bats
  5 endoplasms
  6 giant cockroaches
  7 hobgoblins
  6 jackals
  4 kobolds
  3 quokkas
  A frilled lizard (D:3)
  11 goblins
  5 rats
83 creatures vanquished.

Notes
Turn   | Place    | Note
-------+----------+-------------------------------------------
     0 | D:1      | Dirtsage the Octopode Shapeshifter began the quest for the
                  | Orb.
     0 | D:1      | Reached XP level 1. HP: 13/13 MP: 1/1
   286 | D:1      | Reached XP level 2. HP: 16/18 MP: 2/2
   301 | D:1      | Found a faded altar of an unknown god.
   728 | D:2      | Reached XP level 3. HP: 17/23 MP: 3/3
   853 | D:2      | Noticed Robin
  1176 | D:2      | Reached XP level 4. HP: 25/29 MP: 4/4
  1181 | D:2      | Killed Robin
  1757 | D:2      | Reached skill level 4 in Shapeshifting
  1839 | D:3      | Noticed Jessica
  1886 | D:3      | Killed Jessica
  1887 | D:3      | Reached XP level 5. HP: 34/34 MP: 5/5
  1915 | D:3      | Found a glowing silver altar of Zin.
  1919 | D:3      | Noticed an angel
  1923 | D:3      | Found a shimmering altar of Xom.
  1966 | D:3      | Noticed a +0 dagger
  1966 | D:3      | Noticed a +0 dagger
  1970 | D:3      | Found a hide-covered altar of Uskayaw.
  2291 | D:3      | Found a sacrificial altar of Ru.
  2342 | D:3      | Found a bloodstained altar of Trog.
  2474 | D:3      | Found a runed translucent door.
  2475 | D:3      | Noticed Crazy Yiuf
  2752 | D:4      | Reached XP level 6. HP: 37/41 MP: 6/6
  2789 | D:4      | Noticed a black bear
  2801 | D:4      | Killed a black bear
  2802 | D:4      | Reached skill level 1 in Poison Magic
  2876 | D:4      | Noticed a wyvern
  2916 | D:4      | HP: 1/42 [wyvern (12)]
  2922 | D:4      | Killed a wyvern
  2923 | D:4      | Reached skill level 5 in Shapeshifting
  2923 | D:4      | Reached XP level 7. HP: 5/46 MP: 7/7
  2923 | D:4      | Slain by an orc

Illustrated notes

Levels and vault maps discovered:
D:1:      grunt_arrival_lava_bath, layout_loops_ring,
          shapermc_ecumenical_altar_mp_urbaneastern
D:2:      layout_loops_cross, serial_forest, infiniplex_forest_end_2,
          infiniplex_forest_lined_room_2, infiniplex_forest_clump_curved,
          infiniplex_forest_corner_1, uniq_robin
D:3:      layout_rooms, grunt_temple_overflow_order_and_chaos_1,
          dancing_weapons_uskayaw, lemuel_doored_altar,
          mainiacjoe_overflow_catwalk, minmay_increasing_density,
          uniq_crazy_yiuf_cottage, uniq_jessica
D:4:      layout_basic, marbit_many_paths

Skill      XL: |  1  2  3  4  5  6 |
---------------+-------------------+-----
Fighting       | 2 3 |  3.2
Shapeshifting  | 4 5 |  5.1
Unarmed Combat | 4 |  4.4
Dodging        | 3 |  3.4
Poison Magic   | 2 |  2.2

Action                     |  1- 3 |  4- 6 |  7- 9 || total
---------------------------+-------+-------+-------++-------
  Melee: Unarmed           |    73 |   122 |     1 ||   196
         Tentacles         |    16 |    30 |       ||    46
         Constrict         |    21 |    34 |     1 ||    56
         Punch             |     1 |     4 |       ||     5
    Use: Potion            |       |     5 |       ||     5
   Stab: Sleeping          |     5 |     4 |       ||     9
 Armour: Skin              |    34 |    57 |     1 ||    92
  Dodge: Dodged            |    49 |    55 |       ||   104

Table legend: (Time is in decaauts)
 A = Elapsed time spent in this place.
 B = Non-inter-level travel time spent in this place.
 C = Inter-level travel time spent in this place.
 D = Time resting spent in this place.
 E = Time spent auto-exploring this place.
 F = Levels seen in this place.
 G = Mean time per level.
                   A        B        C        D        E       F      G
               +--------+--------+--------+--------+--------+-----+--------+
         Total |   2910 |   2779 |    131 |    124 |   2137 |   4 |  727.5 |
       Dungeon |   2910 |   2779 |    131 |    124 |   2137 |   4 |  727.5 |
               +--------+--------+--------+--------+--------+-----+--------+

Top non-repeatable levels by time:
     D:2: 905 daAuts
     D:3: 850 daAuts
     D:1: 821 daAuts
     D:4: 333 daAuts
